 Seeded DCSS version 0.29.1 (webtiles) character file.

Game seed: 9708579739092153053 (custom seed)

32 GigaChad the Shield-Bearer (level 3, -1/33 HPs)
             Began as a Minotaur Fighter on Sept 14, 2022.
             Slain by an orc priest
             ... wielding a +2 whip of freezing
              (4 damage)
             ... on level 3 of the Dungeon.
             The game lasted 00:04:00 (715 turns).

GigaChad the Shield-Bearer (Minotaur Fighter)        Turns: 715, Time: 00:04:00

Health: -1/33      AC:  7    Str: 24    XL:     3   Next: 10%
Magic:  2/2        EV:  9    Int:  5    God:
Gold:   57         SH:  4    Dex:  9    Spells: 2/2 levels left

rFire   . . .      SeeInvis .   f - +7 mace of the Maze {spect, rPois Will+ Str+2}
rCold   . . .      Faith    .   c - +0 buckler
rNeg    . . .      Spirit   .   b - +0 scale mail
rPois   +          Reflect  .   (helmet restricted)
rElec   .          Harm     .   (no cloak)
rCorr   .          Rampage  .   (no gloves)
Will    +....                   (no boots)
Stlth   ..........              (no amulet)
HPRegen 0.11/turn               (no ring)
MPRegen 0.08/turn               (no ring)

@: no status effects
A: horns 2, retaliatory headbutt
a: no special abilities


You were on level 3 of the Dungeon.
You visited 1 branch of the dungeon, and saw 3 of its levels.

You collected 57 gold pieces.

Inventory:

Hand Weapons
 a - a +0 long sword
 f - the +7 mace of the Maze (weapon) {spect, rPois Will+ Str+2}
   (You found it on level 2 of the Dungeon)

   When its wielder attacks, the weapon's spirit leaps out and strikes again.
   The spirit shares a part of any damage it takes with its wielder.
   Str:       It affects your strength (+2).
   rPois:     It protects you from poison.
   Will:      It increases your willpower.
Armour
 b - a +0 scale mail (worn)
 c - a +0 buckler (worn)
 h - a +0 plate armour
Scrolls
 e - a scroll of blinking
 g - a scroll of noise {unknown}
 j - a scroll of identify
 k - a scroll of teleportation {unknown}
 m - a scroll of fear {unknown}
Potions
 d - a potion of might
 i - a potion of brilliance {unknown}
 l - a potion of haste {unknown}


   Skills:
 + Level 4.1 Fighting
 + Level 2.6 Long Blades
 + Level 4.1 Armour
 + Level 4.2 Shields


You had 2 spell levels left.
You didn't know any spells.
Your spell library contained the following spells:

 Spells                   Type           Power      Damage    Failure   Level
 Necrotise                Necr           0%         1d4       86%         1
 Vampiric Draining        Necr           0%         2d6       99%         3
 Agony                    Necr           0%         N/A       100%        5


Dungeon Overview and Level Annotations

Branches:
Dungeon (3/15)

Altars:


Innate Abilities, Weirdness & Mutations

You have a pair of horns on your head.
You reflexively headbutt those who attack you in melee.


Message History

You have reached level 3!
Your experience leads to an increase in your attributes!
Your base attributes are Str 20, Int 5, Dex 9.
Increase (S)trength, (I)ntelligence, or (D)exterity?
You feel stronger. x2
The orc priest shouts!
The orc closely misses you.
Things that are here:
a +0 flail; a +0 leather armour; an orc corpse You hit the orc but do no damage.
Your +7 mace of the Maze {spect, rPois Will+ Str+2} hits the orc!
You kill the orc!
Things that are here:
a +0 hand axe; a +0 leather armour You closely miss the orc.
Your +7 mace of the Maze {spect, rPois Will+ Str+2} misses the orc.
The orc barely misses you.
The orc priest hits your +7 mace of the Maze {spect, rPois Will+ Str+2} but does no damage.
The orc hits you with a +1 vorpal falchion.
The orc priest completely misses your +7 mace of the Maze {spect, rPois Will+ Str+2}.
You sock the orc!
You kill the orc!
An orc comes into view. It is wielding a +0 short sword.
The orc priest mumbles some strange prayers to Beogh against you.
Beogh smites you!
The orc shouts!
The orc priest hits you with a +2 whip of freezing.
* * * LOW HITPOINT WARNING * * *
The orc priest freezes you.
* * * LOW HITPOINT WARNING * * *
You see here a +1 vorpal falchion.
You hit the orc priest.
The orc priest is moderately wounded.
Your +7 mace of the Maze {spect, rPois Will+ Str+2} hits the orc priest!
The orc priest mumbles some strange prayers to Beogh against you.
Pain shoots through your body!
* * * LOW HITPOINT WARNING * * *
The orc barely misses your +7 mace of the Maze {spect, rPois Will+ Str+2}.
The orc priest hits you with a +2 whip of freezing.
You die...

# ###### #. ....## ##
###. #..... .. .....
##.#.# .#
####..#####....# #.#
.....o(.....#..######...
#o@))..............
#.###............... #
#?####.#####.### #.#
#..# #§# #.# ##.# #†#
#.. .# #(# # ### .# #.#
# .# #.# # .# #.# #


You could see an orc priest, an orc and a friendly +7 mace of the Maze {spect,
rPois Will+ Str+2} (summoned).

Vanquished Creatures
  2 worms
  3 orcs (D:3)
  A bat (D:3)
  A giant cockroach (D:2)
  2 hobgoblins
  4 jackals (D:2)
  A ball python (D:2)
  A frilled lizard (D:3)
  5 goblins (D:2)
  2 kobolds (D:3)
22 creatures vanquished.

Notes
Turn   | Place    | Note
-------+----------+-------------------------------------------
     0 | D:1      | GigaChad the Minotaur Fighter began the quest for the Orb.
     0 | D:1      | Reached XP level 1. HP: 19/19 MP: 0/0
   172 | D:2      | Identified the +7 mace of the Maze {spect, rPois Will+
                  | Str+2}
   289 | D:2      | Reached XP level 2. HP: 27/27 MP: 1/1
   709 | D:3      | Reached XP level 3. HP: 33/33 MP: 2/2
   715 | D:3      | Slain by an orc priest

Illustrated notes

Levels and vault maps discovered:
D:1:      matt_arrival_spirals, layout_loops_ring,
          chequers_ecumenical_altar_island, chequers_serial_rivers_room_b,
          minmay_misc_feat_nine_boxes
D:2:      layout_basic, chequers_serial_rivers_small_3
D:3:      layout_loops_ring

Skill      XL: |  1  2 |
---------------+-------+-----
Fighting       | 4 |  4.1
Shields        | 4 |  4.2
Armour         | 4 |  4.1
Long Blades    | |  2.6

Action                   || total
-------------------------++-------
Melee: Long sword        ||     9
       Mace              ||    26
       Headbutt          ||     4
  Use: Scroll            ||     1
Armor: Scale mail        ||    16
Dodge: Dodged            ||    19
Block: Buckler           ||    10
